 Dungeon Crawl Stone Soup version 0.31-a0-145-g046c7d2549 (webtiles) character file.

Game seed: 11116945333754111250

27966 Angani the Summoner (level 12, 0/101 HPs)
             Began as a Demigod Conjurer on June 5, 2023.
             Slain by a skyshark (4 damage)
             ... on level 3 of the Lair of Beasts.
             The game lasted 00:34:47 (15627 turns).

Angani the Summoner (Demigod Conjurer)             Turns: 15627, Time: 00:34:47

Health: 0/101      AC:  0    Str:  5 (8)  XL:     12   Next: 72%
Magic:  9/31       EV: 16    Int: 35 (36) God:
Gold:   505        SH:  0    Dex:  9 (12) Spells: 19/32 levels left

rFire   + . .        j - melded +2 demon whip (venom)
rCold   + . .        (shield currently unavailable)
rNeg    . . .        C - melded +4 steam dragon scales
rPois   +            z - melded +2 hat
rElec   +            d - melded scarf of Weirdness {harm, rElec Will+ Dex+4}
rCorr   +            c - melded +1 pair of gloves {hurl}
SInv    .            x - melded +2 pair of boots
Will    +....        u - amulet of regeneration
Stlth   +            y - melded ring of magical power
HPRegen 1.16/turn    a - melded ring of poison resistance
MPRegen 0.22/turn

%: no passive effects
@: mighty, about to teleport, pig-form, resistant, attractive, hasted and
slowed, very slow
A: fast, no casting, small, high MP 1, forlorn, divine attributes
a: no special abilities


You were on level 3 of the Lair of Beasts.
You were a filthy swine.
You visited 2 branches of the dungeon, and saw 15 of its levels.
You also visited: Sewer and Volcano.

You collected 994 gold pieces.
You spent 489 gold pieces at shops.

Inventory:

Hand Weapons
 j - a +2 demon whip of venom (melded)
Missiles
 t - 4 throwing nets
Armour
 c - a +1 pair of gloves of hurling (melded)
 d - the scarf of Weirdness (melded) {harm, rElec Will+ Dex+4}
   (You bought it in a shop on level 3 of the Dungeon)

   Dex:       It affects your dexterity (+4).
   rElec:     It insulates you from electricity.
   Will:      It increases your willpower.
 x - a +2 pair of boots (melded)
 z - a +2 hat (melded)
 C - +4 steam dragon scales (melded)
Jewellery
 a - a ring of poison resistance (melded)
 f - a ring of protection from cold
 u - an amulet of regeneration (around neck)
 y - a ring of magical power (melded)
Wands
 p - a wand of light (7)
 s - a wand of paralysis (7)
 w - a wand of iceblast (4)
 A - a wand of digging (5)
 B - a wand of flame (7)
Scrolls
 h - 3 scrolls of amnesia
 r - a scroll of teleportation
 D - a scroll of immolation
Potions
 b - 4 potions of magic
 e - 2 potions of heal wounds
 g - 3 potions of invisibility
 k - a potion of degeneration
 l - 5 potions of curing
 m - 4 potions of haste
 o - a potion of might
 q - 2 potions of attraction
 v - a potion of lignification


   Skills:
 + Level 7.9 Fighting
 + Level 5.8 Maces & Flails
 + Level 7.8 Dodging
 - Level 1.7 Stealth
 - Level 10.5 Spellcasting
 - Level 4.6 Conjurations
 - Level 11.0 Summonings
 - Level 4.0 Ice Magic


You had 19 spell levels left.
You knew the following spells:

 Your Spells              Type           Power      Damage    Failure   Level
a - Magic Dart            Conj           100%       1d8       1%          1
b - Apportation           Tloc           36%        N/A       2%          1
c - Ozocubu's Armour      Ice            46%        N/A       1%          3
d - Searing Ray           Conj           100%       2d8       1%          2
e - Summon Cactus Giant   Summ           38%        N/A       4%          6

Your spell library contained the following spells:

 Spells                   Type           Power      Damage    Failure   Level
 Kiss of Death            Conj/Necr      100%       2d13      1%          1
 Summon Guardian Golem    Hex/Summ       54%        N/A       1%          3
 Dazzling Flash           Conj/Hex       68%        N/A       2%          3
 Cigotuvi's Dreadful Rot  Necr/Pois/Air  36%        N/A       3%          2
 Scorch                   Fire           36%        2d6       3%          2
 Confusing Touch          Hex            18%        N/A       7%          3
 Ignite Poison            Fire/Tmut/Pois 18%        N/A       7%          3
 Flame Wave               Conj/Fire      34%        2d10      9%          4
 Fulminant Prism          Conj/Hex       17%        3d10      9%          4
 Iskenderun's Mystic Bla  Conj/Tloc      34%        2d8       9%          4
 Freezing Cloud           Conj/Ice/Air   19%        6-21      21%         5
 Dispel Undead            Necr           18%        3d11      24%         4
 Olgreb's Toxic Radiance  Pois           18%        N/A       24%         4
 Irradiate                Conj/Tmut      17%        3d17      26%         5
 Metabolic Englaciation   Hex/Ice        16%        N/A       28%         5
 Alistair's Intoxication  Tmut/Pois      12%        N/A       54%         5
 Blade Hands              Tmut           9%         N/A       54%         5
 Spellforged Servitor     Conj/Summ      32%        N/A       63%         7
 Simulacrum               Ice/Necr       16%        N/A       85%         6
 Orb of Destruction       Conj           25%        9d9       96%         7
 Dragon Form              Tmut           9%         N/A       100%        7
 Discord                  Hex            9%         N/A       100%        8
 Ignition                 Fire           9%         3d5       100%        8


Dungeon Overview and Level Annotations

Branches:
Dungeon (12/15)            Temple (0/1) D:6            Lair (3/5) D:9
    Orc (0/2) D:11          Sewer (visited)         Volcano (visited)
  Swamp: Lair:2-3    Shoals: Lair:2-3     Snake: Lair:2-3    Spider: Lair:2-3

Shops:
D:3 [   D:4 (*([(   D:10 ?

Annotations:
D:12 exclusion: 2 slime creatures
Lair:3 Kirke


Innate Abilities, Weirdness & Mutations

You are a filthy swine.
You move quickly.
Your equipment is almost entirely melded.
You are incapable of wielding weapons or throwing items.
You cannot cast spells.
You have an increased reservoir of magic. (+10% MP)
You shall have no god before yourself.
Your divine heritage dramatically boosts your attributes as you level up.


Message History

Kirke is heavily wounded.
Your surroundings suddenly seem different.
Splash!
You fall into the shallow water.
Moving in this stuff is going to be slow. 2 swamp worms and 2 bog bodies come into view.
The swamp worm completely misses you.
The swamp worm fires a harpoon shot at you.
The harpoon shot misses you.
The bog body is attracted toward you. x2
The swamp worm is attracted toward you. The skyshark is attracted toward you.
Unknown command.
As you read the scroll of teleportation, it crumbles to dust.
You feel strangely unstable. The bog body casts a spell at you.
You feel as though you will be slow longer.
The swamp worm completely misses you. The bog body is attracted toward you.
The swamp worm is attracted toward you. The skyshark is attracted toward you.
Unknown command.
Your unstable footing causes you to fumble your attack.
The bog body casts a spell at you. You resist with some effort.
The bog body closely misses you. The swamp worm closely misses you.
The skyshark bites you!
The skyshark tastes blood and grows stronger!
The skyshark misses you. The skyshark closely misses you.
Unknown command.
You barely miss the bog body. The swamp worm misses you.
The bog body touches you! The bog body freezes you! You resist.
The bog body touches you!
* * * LOW HITPOINT WARNING * * *
The bog body freezes you. You resist.
* * * LOW HITPOINT WARNING * * *
Unknown command.
Your unstable footing causes you to fumble your attack.
The swamp worm bites you.
* * * LOW HITPOINT WARNING * * *
The skyshark bites you!
* * * LOW HITPOINT WARNING * * *
The skyshark enters a blood-rage!
The skyshark completely misses you. The skyshark tail-slaps you.
You die...

h. ## ... P
.... ##....
.?...
♣♣♣♣♣♣♣♣♣♣♣
...h
♣~whn~§≈~§~ #
.⌠....lnw......
#
.⌠.§.♣.....♣.♣.
..♣♣ ≈~≈♣♣~~≈ #
♣♣♣♣♣ ♣♣♣♣ ♣♣
## ♣#.#
##.+####
#####P.+##.
##......##
#...........


You could see a skyshark (berserk), 2 bog bodies and 2 swamp worms.

Vanquished Creatures
  2 lindwurms (Volcano)
  An oklob plant (Lair:1)
  An elephant (Lair:2)
  2 cane toads
  Prince Ribbit (Lair:2)
  Grinder (Sewer)
  7 blink frogs (Lair:2)
  A shadow (D:9)
  4 wyverns
  20 yaks
  A wraith (D:10)
  A vampire (D:10)
  A hog (Lair:3)
  3 steam dragons
  Menkaure (D:7)
  3 acid dragons
  4 water moccasins
  A black bear (D:5)
  3 orc warriors
  An ice beast (D:8)
  2 centaurs (D:9)
  2 ogres
  4 bullfrogs
  A necrophage (Sewer)
  2 scorpions
  7 wights
  6 killer bees (D:6)
  A howler monkey (D:10)
  4 orc priests
  Crazy Yiuf (D:7)
  A gnoll bouda (D:5)
  3 hounds
  2 jellies
  A sleepcap (D:6)
  Jessica (D:2)
  7 iguanas
  7 orc wizards
  Terence (D:2)
  8 gnolls
  12 adders
  6 shadow imps
  3 white imps
  4 ufetubi
  An adder zombie (Sewer)
  A worm (D:4)
  34 orcs
  3 bats (D:2)
  A bat zombie (Sewer)
  9 endoplasms
  5 giant cockroaches
  13 goblins
  3 hobgoblins
  3 jackals (D:5)
  25 kobolds
  2 quokkas
  10 ball pythons
  9 frilled lizards
  7 rats
271 creatures vanquished.

Vanquished Creatures (collateral kills)
  Harold (Lair:1)
  A catoblepas (Lair:2)
  5 death yaks (D:9)
  Amaemon (D:9)
  An oklob plant (Lair:1)
  A cyclops (D:11)
  3 black mambas
  2 toenail golems (Volcano)
  2 elephants (Lair:2)
  2 molten gargoyles (Volcano)
  2 cane toads (Lair:2)
  An orange demon (D:9)
  A komodo dragon (Lair:3)
  A nameless horror (Lair:3)
  A troll (D:10)
  A polar bear (Lair:3)
  A hornet (D:9)
  A dream sheep (Lair:2)
  6 blink frogs
  A wyvern (Lair:3)
  A slime creature (D:12)
  17 yaks
  3 hogs (Lair:3)
  3 fire bats (Lair:1)
  A fire elemental (Volcano)
  2 water moccasins (Lair:2)
  A black bear (Lair:2)
  4 wolves (Lair:1)
  A bullfrog (Lair:3)
  2 earth elementals (Volcano)
  A fire vortex (Volcano)
71 creatures vanquished.

Vanquished Creatures (others)
  An ice beast (D:7)
1 creature vanquished.

Grand Total: 343 creatures vanquished

Notes
Turn   | Place    | Note
-------+----------+-------------------------------------------
     0 | D:1      | Angani the Demigod Conjurer began the quest for the Orb.
     0 | D:1      | Reached XP level 1. HP: 14/14 MP: 5/5
   237 | D:1      | Reached XP level 2. HP: 20/20 MP: 4/7
   504 | D:1      | Reached XP level 3. HP: 11/26 MP: 5/9
   583 | D:1      | Learned a level 1 spell: Apportation
  1312 | D:2      | Learned a level 3 spell: Ozocubu's Armour
  1326 | D:2      | Noticed Jessica
  1327 | D:2      | Killed Jessica
  1328 | D:2      | Reached XP level 4. HP: 34/34 MP: 6/10
  1333 | D:2      | Noticed Terence
  1339 | D:2      | Killed Terence
  1340 | D:2      | Reached skill level 1 in Fighting
  1340 | D:2      | Reached skill level 1 in Ice Magic
  1970 | D:3      | Reached XP level 5. HP: 40/40 MP: 8/11
  2057 | D:3      | Found Vonkai's Armour Boutique.
  2843 | D:4      | Noticed an ogre
  2957 | D:4      | Killed an ogre
  3108 | D:4      | Found Bioh's Antique Weapon Emporium.
  3252 | D:4      | Reached XP level 6. HP: 49/49 MP: 8/12
  3341 | D:4      | Found Gabuf's Antique Weapon Shoppe.
  3754 | D:4      | Found Felipoyqo's Armour Emporium.
  3805 | D:4      | Found Kiafur's General Store.
  3811 | D:4      | Found Taecwiq's Weapon Shoppe.
  4084 | D:5      | Entered Level 5 of the Dungeon
  4311 | D:5      | Found a glowing drain.
  4407 | Sewer    | Entered a sewer
  4801 | Sewer    | Noticed Grinder
  4809 | Sewer    | Killed Grinder
  4810 | Sewer    | Reached XP level 7. HP: 56/57 MP: 13/13
  5432 | D:5      | Reached skill level 5 in Dodging
  5741 | D:5      | Reached skill level 5 in Fighting
  5938 | D:5      | Reached XP level 8. HP: 54/68 MP: 11/15
  6107 | D:5      | Reached skill level 1 in Summonings
  6326 | D:6      | Learned a level 2 spell: Searing Ray
  6343 | D:6      | Reached skill level 2 in Summonings
  6414 | D:6      | Found a staircase to the Ecumenical Temple.
  6539 | D:6      | Reached skill level 3 in Summonings
  7185 | D:6      | Reached skill level 4 in Summonings
  7729 | D:6      | Learned a level 6 spell: Summon Cactus Giant
  7740 | D:7      | Reached skill level 5 in Spellcasting
  7873 | D:7      | Reached XP level 9. HP: 48/74 MP: 20/20
  7950 | D:7      | Reached skill level 5 in Summonings
  8194 | D:3      | Bought the scarf of Weirdness {harm, rElec Will+ Dex+4} for
                  | 385 gold pieces
  8525 | D:7      | Found a runed translucent door.
  8526 | D:7      | Noticed Crazy Yiuf
  8574 | D:7      | Noticed Menkaure
  8579 | D:7      | Killed Menkaure
  8796 | D:7      | Killed Crazy Yiuf
  9112 | D:8      | Reached skill level 6 in Summonings
  9861 | D:9      | Noticed a death yak
  9929 | D:9      | Noticed Amaemon
  9929 | D:9      | Noticed an orange demon
 10077 | D:9      | Found a staircase to the Lair.
 10079 | D:9      | Noticed a death yak
 10079 | D:9      | Noticed a death yak
 10079 | D:9      | Noticed a death yak
 10275 | D:9      | Reached skill level 7 in Summonings
 10324 | D:10     | Entered Level 10 of the Dungeon
 10349 | D:10     | You fall into a shaft and drop 2 floors!
 10419 | D:12     | Noticed a nameless horror
 10443 | D:11     | Noticed a cyclops
 10460 | D:11     | Killed a cyclops
 10461 | D:11     | Reached XP level 10. HP: 81/81 MP: 25/25
 10694 | D:10     | Reached skill level 8 in Summonings
 11285 | D:10     | Found The Oracle's Delphic Readings.
 11289 | D:10     | Bought a scroll of identify for 26 gold pieces
 11289 | D:10     | Bought a scroll of identify for 26 gold pieces
 11289 | D:10     | Bought a scroll of teleportation for 39 gold pieces
 11289 | D:10     | Bought a scroll of noise for 13 gold pieces
 11821 | D:9      | Noticed a death yak
 11831 | D:9      | Killed a death yak
 11836 | D:9      | Killed a death yak
 11837 | D:9      | Reached skill level 9 in Summonings
 11841 | D:9      | Killed a death yak
 11844 | D:9      | Killed a death yak
 11907 | D:9      | Killed a death yak
 12029 | D:9      | Reached XP level 11. HP: 62/86 MP: 28/28
 12098 | D:9      | Killed Amaemon
 12112 | D:9      | Reached skill level 10 in Summonings
 12321 | Lair:1   | Entered Level 1 of the Lair of Beasts
 12394 | Lair:1   | Found a dark tunnel.
 12403 | Volcano  | Entered a volcano
 12412 | Volcano  | Reached skill level 10 in Spellcasting
 12449 | Volcano  | Noticed a lindwurm
 12449 | Volcano  | Noticed a lindwurm
 12539 | Volcano  | Killed a lindwurm
 12540 | Volcano  | Killed a lindwurm
 12567 | Volcano  | Reached skill level 11 in Summonings
 12660 | Lair:1   | Reached skill level 1 in Maces & Flails
 13044 | Lair:1   | Noticed Harold
 13056 | Lair:1   | Killed Harold
 13271 | Lair:1   | Reached XP level 12. HP: 67/96 MP: 31/31
 14633 | Lair:2   | Noticed a catoblepas
 14652 | Lair:2   | Killed a catoblepas
 14653 | Lair:2   | Reached skill level 5 in Maces & Flails
 14928 | Lair:2   | Noticed Prince Ribbit
 14935 | Lair:2   | Killed Prince Ribbit
 15586 | Lair:3   | Noticed Kirke
 15627 | Lair:3   | HP: 4/101 [skyshark (16)]
 15627 | Lair:3   | Slain by a skyshark

Illustrated notes

Levels and vault maps discovered:
D:1:      minmay_arrival_doors, layout_basic, serial_curves, eino_curves_01,
          eino_curves_04, wad_floor_pattern_untrapped, minmay_misc_feat_cross,
          st_stairs_1, minmay_heptomino_w4
D:2:      layout_loops_ring, chequers_ecumenical_altar_grove, minmay_mini_jars,
          uniq_jessica, uniq_terence
D:3:      layout_loops_ring, nicolae_elyvilon_peaceful_grove, serial_shops,
          shop, chequers_jeans
D:4:      layout_cave_pods, lemuel_tele_altar, serial_shops,
          nicolae_shop_window_shopping, shop, nicolae_square_shop, shop, shop
D:5:      layout_rooms, gup_sewer_entry_glass, grunt_ministairs_10,
          kennysheep_cross_room, minivault_5
D:6:      layout_basic, amethyst_overflow_temple_binary,
          minmay_temple_entry_statues
D:7:      layout_rooms, old_standard_altar, serial_demonic, serial_demonic_b,
          serial_demonic_g, serial_demonic_d, serial_demonic_a,
          uniq_crazy_yiuf_cottage, uniq_menkaure
D:8:      layout_basic
D:9:      layout_roguey, dpeg_lair_monsters, uniq_amaemon
D:10:     layout_basic, grunt_temple_overflow_gold_and_silver,
          nicolae_vehumet_altar_sigil, gammafunk_temple_overflow_pools,
          nicolae_nh_oracle_at_delphi
D:11:     layout_basic, erik_orc_4, uniq_erolcha
D:12:     layout_basic
Lair:1:   layout_roguey, nicolae_volcano_entry_batcave, hangedman_tree_tricks,
          grunt_megastairs_4, uniq_harold
Lair:2:   layout_cave_pods, hangedman_lair_generics_rect, uniq_prince_ribbit2
Lair:3:   layout_roguey, nicolae_swamp_entry_splash_gauntlet, dummy_snake_entry,
          uniq_kirke

Skill      XL: |  1  2  3  4  5  6  7  8  9 10 11 12 |
---------------+-------------------------------------+-----
Spellcasting   | 2 5 7 9 10 | 10.5
Conjurations   | 4 |  4.6
Dodging        | 2 3 4 5 6 7 |  7.8
Fighting       | 1 2 3 5 6 7 |  7.9
Ice Magic      | 1 2 3 4 |  4.0
Summonings     | 4 7 9 11 | 11.0
Maces & Flails | 3 5 |  5.8
Stealth        | |  1.7

Action                     |  1- 3 |  4- 6 |  7- 9 | 10-12 || total
---------------------------+-------+-------+-------+-------++-------
  Melee: Dagger            |    44 |   145 |   119 |       ||   308
         Punch             |       |     6 |     3 |       ||     9
         Demon whip        |       |       |       |     4 ||     4
         Unarmed           |       |       |       |    12 ||    12
   Cast: Magic Dart        |    47 |    82 |    61 |       ||   190
         Ozocubu's Armour  |       |     7 |    12 |     5 ||    24
         Searing Ray       |       |       |    76 |    69 ||   145
         Summon Cactus Gia |       |       |     2 |    47 ||    49
         Apportation       |       |       |       |     6 ||     6
  Evoke: Wand              |       |     2 |     8 |     7 ||    17
    Use: Scroll            |       |     8 |     9 |    12 ||    29
         Potion            |       |       |       |    10 ||    10
   Stab: Sleeping          |     1 |       |     2 |       ||     3
         Paralysed         |       |     9 |    14 |       ||    23
 Armour: Robe              |     9 |    29 |    49 |       ||    87
         Steam dragon scal |       |       |     5 |    82 ||    87
  Dodge: Dodged            |    36 |    81 |   111 |   172 ||   400
  Block: Other             |       |    31 |    38 |       ||    69
         Reflection        |       |     3 |       |       ||     3

Table legend: (Time is in decaauts)
 A = Elapsed time spent in this place.
 B = Non-inter-level travel time spent in this place.
 C = Inter-level travel time spent in this place.
 D = Time resting spent in this place.
 E = Time spent auto-exploring this place.
 F = Levels seen in this place.
 G = Mean time per level.
                   A        B        C        D        E       F      G
               +--------+--------+--------+--------+--------+-----+--------+
         Total |  15631 |  15012 |    619 |   2716 |   9548 |  17 |  919.5 |
       Dungeon |  11741 |  11141 |    600 |   1508 |   7854 |  12 |  978.4 |
          Lair |   3101 |   3082 |     19 |    999 |   1492 |   3 | 1033.7 |
         Sewer |    580 |    580 |      0 |    148 |    201 |   1 |  580.0 |
       Volcano |    207 |    207 |      0 |     61 |      0 |   1 |  207.0 |
               +--------+--------+--------+--------+--------+-----+--------+

Top non-repeatable levels by time:
     D:5: 1570 daAuts
     D:6: 1565 daAuts
  Lair:1: 1503 daAuts
     D:4: 1317 daAuts
    D:10: 1255 daAuts
     D:9: 1203 daAuts
  Lair:2: 1202 daAuts
     D:2: 1045 daAuts
     D:7: 975 daAuts
     D:1: 920 daAuts
     D:3: 900 daAuts
     D:8: 818 daAuts
   Sewer: 580 daAuts
  Lair:3: 395 daAuts
 Volcano: 207 daAuts
